AoeStats
← Just a chill guy

Arabian Desert

510469441Analyzed
1v1 RM · 2d ago on Oct 1, 2026· 53m 29s· 2 players
Game mode
Random Map
Map size
Tiny (2 player)
Population
200
Speed
Normal
Resources
Standard
Victory
Conquest
Starting age
Dark Age
Ending age
Imperial Age
RankedLock teamsTeams togetherTeam positionsShared explorationLock speedFull tech treeHidden civsTurbo modeCheats
Victory
Defeat
🇬🇧 Varangians · United Kingdom
1166
+15
🇲🇽 Tupi · Mexico
1135
-15
Aldebaran 1208
4:10 Loom
10:40 Feudal Age
22:08 Castle Age
20:27 Fletching
21:02 Padded Archer Armor
24:21 Bodkin Arrow
24:41 Leather Archer Armor
26:05 Ballistics
26:24 Horse Collar
29:23 Scale Mail Armor
29:37 Heavy Plow
29:32 Pikeman
33:04 Squires
44:36 Imperial Age
43:43 Chain Mail Armor
48:05 Chemistry
47:55 Ring Archer Armor
47:36 Forging
52:59 Iron Casting
Just a chill guy
6:18 Loom
8:56 Feudal Age
11:55 Bloodlines
14:09 Double-Bit Axe
20:56 Castle Age
21:33 Scale Barding Armor
21:47 Forging
22:35 Town Watch
23:37 Fletching
24:40 Bow Saw
25:45 Chain Barding Armor
25:59 Horse Collar
28:12 Gold Mining
32:20 Imperial Age
32:26 Bodkin Arrow
32:47 Light Cavalry
34:15 Plate Barding Armor
38:10 Iron Casting
37:27 Hussar
42:33 Husbandry
47:13 Blast Furnace
49:31 Heavy Plow
Connection lost

Rejoining the realm…

Still unreachable

The connection could not be restored.

Session expired

The server has moved on; the page needs a fresh start.